 Dungeon Crawl Stone Soup version 0.22-a0-571-g4a923d4 (webtiles) character file.

3029 iamserjio the Cleaver (level 9, -2/57 HPs)
             Began as a Gargoyle Fighter on July 1, 2018.
             Was an Initiate of Trog.
             Slain by a two-headed ogre
             ... wielding a +0 giant club
              (13 damage)
             ... on level 8 of the Dungeon.
             The game lasted 00:14:33 (1933 turns).

iamserjio the Cleaver (Gargoyle Fighter)            Turns: 1933, Time: 00:14:34

Health: -2/57      AC: 18    Str: 22    XL:     9   Next: 86%
Magic:  14/18      EV:  6    Int:  9    God:    Trog [......]
Gold:   41         SH: 11    Dex: 12    Spells: 8/8 levels left

rFire    + . .     SeeInvis +   a - +0 war axe
rCold    . . .     Gourm    +   c - +0 shield
rNeg     + + .     Faith    .   k - +0 chain mail
rPois    ∞         Spirit   .   (no helmet)
rElec    +         Reflect  .   (no cloak)
rCorr    .         Harm     .   y - +0 pair of gloves of the Onion {rPois MP+9 SInv}
MR       .....                  (no boots)
Stlth    ..........             t - amulet of the gourmand
HPRegen  0.19/turn              g - +2 ring of strength
MPRegen  0.16/turn              l - ring of positive energy

@: very slightly contaminated, invisible
A: blink, fire resistance 1, negative energy resistance 1, electricity
resistance, unbreathing, evolution 1, petrification resistance, rot immunity, AC
+6
a: Blink, Renounce Religion


You were on level 8 of the Dungeon.
You worshipped Trog.
Trog was noncommittal.
You were not hungry.

You visited 2 branches of the dungeon, and saw 9 of its levels.

You collected 245 gold pieces.
You spent 204 gold pieces at shops.

Inventory:

Hand Weapons
 a - a +0 war axe (weapon)
 d - a +2 whip of freezing
 q - a +0 flail of crushing
Armour
 b - a +0 scale mail
 c - a +0 shield (worn)
 k - a +0 chain mail (worn)
 r - a +2 pair of gloves
 y - the +0 pair of gloves of the Onion (worn) {rPois MP+9 SInv}
   (You found it on level 8 of the Dungeon)

   It protects you from poison.
   It affects your magic capacity (+9).
   It lets you see invisible.
Jewellery
 g - a +2 ring of strength (left hand)
 l - a ring of positive energy (right hand)
 t - an amulet of the gourmand (around neck)
Scrolls
 e - 2 scrolls of amnesia
 j - a scroll of noise {unknown}
 m - 2 scrolls of identify {@r1}
 o - a scroll of fear
 p - a scroll of teleportation
 u - a scroll of blinking
Potions
 h - a potion of curing {@q1}
 n - 2 potions of lignification
 s - a potion of brilliance {unknown}
 v - a potion of might
 w - a potion of heal wounds
 x - 2 potions of agility
 z - 2 potions of haste {unknown}
Comestibles
 f - 4 rations


   Skills:
 + Level 7.3 Fighting
 * Level 8.0 Axes
 + Level 7.3 Armour
 + Level 7.4 Shields


You had 8 spell levels left.
You didn't know any spells.
Your spell library was empty.

Dungeon Overview and Level Annotations

Branches:
Dungeon (8/15)             Temple (1/1) D:7
   Lair: D:8-11

Altars:
Ashenzari
Dithmenos
Fedhas
Gozag
Hepliaklqana
Kikubaaqudgha
Makhleb
Nemelex Xobeh
Okawaru
Qazlal
Ru
Sif Muna
Trog
Uskayaw
Vehumet
Wu Jian
Xom
Yredelemnul
Zin
The Shining One

Shops:
D:4 *   D:7 !


Innate Abilities, Weirdness & Mutations

You are resistant to torment.
Your stone body is resilient. (AC +6)
You are immune to poison.
You resist negative energy. (rN+)
You are resistant to electric shocks. (rElec)
You can survive without breathing.
You are immune to petrification.
You are immune to rotting.
You can translocate small distances at will.
Your flesh is heat resistant. (rF+)
You evolve.


Message History

Your chain mail prevents you from hitting the ogre.
The ogre barely misses you.
You slash the two-headed ogre!
The two-headed ogre is lightly wounded.
You barely miss the ogre. You block the two-headed ogre's attack.
The two-headed ogre barely misses you. You block the ogre's attack.
You slash the two-headed ogre!
The two-headed ogre is heavily wounded.
You barely miss the ogre.
The two-headed ogre hits you with a giant club!
* * * LOW HITPOINT WARNING * * *
The two-headed ogre hits you but does no damage.
The ogre barely misses you.
You catch the helpless two-headed ogre completely off-guard!
You hit the two-headed ogre.
The two-headed ogre is heavily wounded.
You catch the helpless ogre completely off-guard!
You hit the ogre. The two-headed ogre barely misses you.
The two-headed ogre hits you with a giant spiked club!
You die...

.......÷......#
..............# #
.#......(....(# #.
#............# .(.
##............#
#..#..............
#....#............
#.........†......#
?#.@%........##
#OO........##
#.............
#.............
#..............
...#............
...##.)..........
..# ..).........
.. #...........


You could see a two-headed ogre and an ogre.

Vanquished Creatures
  Pikel (D:4)
  Joseph (D:7)
  Grinder (D:4)
  A hippogriff (D:7)
  Edmund (D:6)
  Menkaure (D:5)
  Duvessa (D:7)
  An orc warrior (D:8)
  An ice beast (D:8)
  A sky beast (D:7)
  An eye of draining (D:8)
  2 ogres
  A centaur (D:8)
  2 bullfrogs
  Dowan (D:7)
  A scorpion (D:4)
  2 howler monkeys (D:7)
  A crimson imp (D:7)
  A centaur zombie (D:8)
  A quasit (D:7)
  2 hounds (D:7)
  A jelly (D:8)
  2 orc wizards (D:8)
  2 centaur skeletons (D:4)
  Natasha (twice) (D:4)
  A worker ant (D:4)
  A hound zombie (D:7)
  A hound skeleton (D:8)
  A gnoll (D:4)
  3 shadow imps
  An ooze (D:1)
  An adder zombie (D:7)
  2 adder skeletons
  3 leopard geckos
  5 orcs (D:4)
  A bat (D:1)
  A giant cockroach (D:2)
  3 goblins (D:1)
  A hobgoblin (D:2)
  3 jackals (D:4)
  4 quokkas
  3 ball pythons
  A kobold (D:3)
  A quokka skeleton (D:4)
  2 rats
71 creatures vanquished.

Vanquished Creatures (others)
  Eustachio (D:4)
  A slave (D:4)
  A gnoll sergeant (D:4)
  A centaur skeleton (D:4)
  Natasha (D:4)
  2 leopard geckos (D:4)
  A frilled lizard (D:4)
8 creatures vanquished.

Grand Total: 79 creatures vanquished

Notes
Turn   | Place    | Note
-------+----------+-------------------------------------------
     0 | D:1      | iamserjio the Gargoyle Fighter began the quest for the Orb.
     0 | D:1      | Reached XP level 1. HP: 14/14 MP: 1/1
    53 | D:1      | Reached skill level 2 in Axes
   104 | D:1      | Reached XP level 2. HP: 19/19 MP: 2/2
   262 | D:4      | Reached XP level 3. HP: 11/23 MP: 3/3
   294 | D:4      | Noticed Natasha
   307 | D:4      | Killed Natasha
   307 | D:4      | Reached XP level 4. HP: 7/29 MP: 4/4
   318 | D:4      | Noticed a slave
   318 | D:4      | Noticed a slave
   318 | D:4      | Noticed a slave
   319 | D:4      | Noticed Pikel
   319 | D:4      | Noticed a slave
   334 | D:4      | Killed Pikel
   334 | D:4      | Reached skill level 4 in Axes
   334 | D:4      | Reached XP level 5. HP: 23/34 MP: 5/5
   334 | D:4      | Reached XP level 6. HP: 27/40 MP: 6/6
   334 | D:4      | Reached XP level 7. HP: 30/44 MP: 7/7
   390 | D:4      | Reached skill level 5 in Fighting
   390 | D:4      | Reached skill level 5 in Armour
   390 | D:4      | Reached skill level 5 in Shields
   433 | D:4      | Found Fozoovul's Assorted Antiques.
   439 | D:4      | Bought a fizzy brown potion for 24 gold pieces
   439 | D:4      | Bought a scroll labeled XACOMUFOKH for 27 gold pieces
   439 | D:4      | Bought a scroll labeled RAIZATI SO GUY for 27 gold pieces
   463 | D:4      | Noticed Eustachio
   482 | D:4      | Killed Eustachio
   482 | D:4      | Reached skill level 5 in Axes
   486 | D:4      | Reached XP level 8. HP: 16/49 MP: 8/8
   522 | D:4      | Noticed Grinder
   523 | D:4      | Gained mutation: Your flesh is heat resistant. (rF+) [potion of mutation]
   523 | D:4      | Gained mutation: You evolve. [potion of mutation]
   523 | D:4      | Gained mutation: You can translocate small distances at will. [potion of mutation]
   528 | D:4      | Paralysed by Grinder for 3 turns
   533 | D:4      | Paralysed by Grinder for 4 turns
   542 | D:4      | Killed Grinder
   576 | D:4      | Noticed Natasha
   588 | D:4      | Killed Natasha
   615 | D:5      | Entered Level 5 of the Dungeon
   718 | D:5      | Noticed Menkaure
   721 | D:5      | Killed Menkaure
   799 | D:4      | Reached skill level 6 in Axes
   809 | D:4      | Killed Natasha
  1193 | D:7      | Found a staircase to the Ecumenical Temple.
  1205 | Temple   | Entered the Ecumenical Temple
  1249 | Temple   | Became a worshipper of Trog the Wrathful
  1416 | D:6      | Found a shattered altar of Ashenzari.
  1464 | D:6      | Found a glowing golden altar of the Shining One.
  1465 | D:6      | Found a blossoming altar of Fedhas.
  1465 | D:6      | Noticed Edmund
  1467 | D:6      | Found a stormy altar of Qazlal.
  1486 | D:6      | Killed Edmund
  1486 | D:6      | Reached XP level 9. HP: 53/56 MP: 9/9
  1487 | D:6      | Found a deep blue altar of Sif Muna.
  1493 | D:7      | Noticed Duvessa
  1494 | D:7      | Noticed Dowan
  1495 | D:7      | Noticed Joseph
  1510 | D:7      | Killed Dowan
  1521 | D:7      | Killed Duvessa
  1549 | D:7      | Reached skill level 7 in Axes
  1555 | D:7      | Killed Joseph
  1574 | D:7      | Found Neucich's Distillery.
  1579 | D:7      | Bought a potion of might for 56 gold pieces
  1579 | D:7      | Bought a potion of heal wounds for 70 gold pieces
  1821 | D:8      | Found a burning altar of Makhleb.
  1852 | D:8      | Got a pair of polished gloves
  1863 | D:8      | Identified the +0 pair of gloves of the Onion {rPois MP+9 SInv} (You found it on level 8 of the Dungeon)
  1871 | D:8      | Found a shimmering altar of Xom.
  1920 | D:8      | Reached skill level 8 in Axes
  1922 | D:8      | Noticed a two-headed ogre
  1933 | D:8      | Slain by a two-headed ogre

Vault maps used:
D:1:      ebering_trefoil_3fold
D:2:      first_ration, uniq_robin
D:4:      cheibrodos_barr_body, serial_shops, shop, uniq_natasha, uniq_pikel,
          uniq_grinder, uniq_eustachio
D:5:      amethyst_killhole, nrook_pool_corridor, uniq_menkaure
D:6:      amethyst_overflow_temple_binary,
          chequers_temple_overflow_statue_of_worship,
          minmay_misc_feat_more_columns, minmay_misc_feat_iff, uniq_edmund
D:7:      minmay_temple_entry_crystal_x, serial_shops, shop,
          serial_bayou_pond_e, uniq_duvessa, uniq_joseph
D:8:      lemuel_crystal_altar, kennysheep_mini_moat, erik_lair_orcish_takeover,
          basic_altar
Temple:   nicolae_temple_god_jail

Skill      XL: |  1  2  3  4  5  6  7  8  9 |
---------------+----------------------------+-----
Axes           | 2 4 5 6 8 |  8.0
Fighting       | 4 5 6 7 |  7.3
Armour         | 4 5 6 7 |  7.3
Shields        | 4 5 6 7 |  7.4

Action                   |  1- 3 |  4- 6 |  7- 9 || total
-------------------------+-------+-------+-------++-------
Melee: War axe           |    59 |    11 |   271 ||   341
  Use: Potion            |     1 |     2 |     4 ||     7
       Scroll            |       |     2 |     3 ||     5
 Stab: Invisible         |       |       |     8 ||     8
  Eat: Chunk             |       |       |    11 ||    11
Armor: Scale mail        |    46 |       |    35 ||    81
       Skin              |       |     7 |       ||     7
       Chain mail        |       |       |   210 ||   210
Dodge: Dodged            |    32 |       |   115 ||   147
Block: Shield            |    47 |     5 |   178 ||   230

Table legend:
 A = Spawn XP
 B = Non-spawn XP
 C = Spawn XP percentage of total XP
 D = Spawn monster count
 E = Non-spawn monster count
 F = Spawn count percentage of total count
 G = Total turns spent on level
                    A         B        C        D         E        F      G
               +---------+---------+-------+---------+---------+-------+---------
         Total |       0 |    4328 |   0.0 |       0 |      72 |   0.0 |  1933
               +---------+---------+-------+---------+---------+-------+---------
           D:1 |       0 |      17 |   0.0 |       0 |       7 |   0.0 |   139
           D:2 |       0 |       4 |   0.0 |       0 |       2 |   0.0 |    71
           D:3 |       0 |       2 |   0.0 |       0 |       2 |   0.0 |    64
           D:4 |       0 |    1548 |   0.0 |       0 |      22 |   0.0 |   373
           D:5 |       0 |     187 |   0.0 |       0 |       5 |   0.0 |   313
           D:6 |       0 |     288 |   0.0 |       0 |       4 |   0.0 |   204
           D:7 |       0 |    1483 |   0.0 |       0 |      17 |   0.0 |   587
           D:8 |       0 |     799 |   0.0 |       0 |      13 |   0.0 |   113
               +---------+---------+-------+---------+---------+-------+---------
